 Dungeon Crawl Stone Soup version 0.29.1-14-g9c671dbff4 (webtiles) character file.

Game seed: 8762136149947057066

16839 Goreval the Thaumaturge (level 12, -14/64 HPs)
             Began as a Deep Elf Air Elementalist on Feb 20, 2023.
             Was an Elder of Sif Muna.
             Demolished by a large slime creature (26 damage)
             ... on level 12 of the Dungeon.
             The game lasted 00:42:37 (18055 turns).

Goreval the Thaumaturge (DEAE)                     Turns: 18055, Time: 00:42:37

Health: -14/64     AC:  5    Str:  5    XL:     12   Next: 13%
Magic:  21/30      EV: 16    Int: 26    God:    Sif Muna [****..]
Gold:   344        SH:  0    Dex: 17    Spells: 20/35 levels left

rFire   + . .      SeeInvis +   n - +4 hand axe "Fawysmuit" {freeze, rPois rF+ rCorr}
rCold   . . .      Faith    .   i - orb {mayhem}
rNeg    . . .      Spirit   .   I - +0 troll leather armour
rPois   +          Reflect  .   o - +1 helmet "Dayd" {rElec Dex+2}
rElec   +          Harm     .   O - +0 cloak {rPois}
rCorr   +          Rampage  .   (no gloves)
Will    ++...                   E - +1 pair of boots
Stlth   ++........              (no amulet)
HPRegen 1.00/turn               T - ring of willpower
MPRegen 0.22/turn               t - ring of see invisible

@: corroded
A: no striking features
a: Renounce Religion, Channel Magic, Forget Spell, Divine Exegesis


You were on level 12 of the Dungeon.
You worshipped Sif Muna.
Sif Muna was greatly pleased with you.
You visited 1 branch of the dungeon, and saw 12 of its levels.
You also visited: Ossuary and Bailey.

You collected 746 gold pieces.
You spent 402 gold pieces at shops.

Inventory:

Hand Weapons
 n - the +4 hand axe "Fawysmuit" (weapon) {freeze, rPois rF+ rCorr}
   (You found it on level 2 of the Dungeon)

   It freezes those it strikes, dealing additional cold damage.
   It can also slow down cold-blooded creatures.
   rF:        It protects you from fire.
   rPois:     It protects you from poison.
   rCorr:     It protects you from acid and corrosion.
 L - a +1 dagger of speed
Missiles
 r - 2 throwing nets
Armour
 i - an orb of mayhem (worn)
 o - the +1 helmet "Dayd" (worn) {rElec Dex+2}
   (You found it on level 2 of the Dungeon)

   Dex:       It affects your dexterity (+2).
   rElec:     It insulates you from electricity.
 E - a +1 pair of boots (worn)
 I - a +0 troll leather armour (worn)
 J - an orb of light
 O - a +0 cloak of poison resistance (worn)
 S - a +1 robe of fire resistance
Jewellery
 l - a ring of flight
 t - a ring of see invisible (right hand)
 F - a ring of poison resistance
 T - a ring of willpower (left hand)
Wands
 j - a wand of polymorph (15)
 w - a wand of charming (6)
 D - a wand of light (10)
 H - a wand of mindburst (13)
 K - a wand of flame (9)
Scrolls
 a - a scroll of enchant weapon
 b - 3 scrolls of immolation
 c - 4 scrolls of fear
 e - 10 scrolls of teleportation
 f - 3 scrolls of noise
 p - 2 scrolls of butterflies
 s - a scroll of brand weapon {unknown}
 x - 2 scrolls of summoning
 G - 3 scrolls of magic mapping
 M - 3 scrolls of blinking
 Q - 3 scrolls of enchant armour
 R - a scroll of vulnerability {unknown}
Potions
 d - 3 potions of curing
 g - 3 potions of resistance
 h - 4 potions of attraction
 k - a potion of berserk rage
 m - 5 potions of might
 q - 3 potions of flight
 u - 3 potions of brilliance
 v - 5 potions of heal wounds
 z - a potion of haste
 A - 3 potions of lignification
 B - 3 potions of invisibility
 C - 4 potions of mutation
 N - 2 potions of cancellation


   Skills:
 - Level 3.0 Fighting
 + Level 9.1 Dodging
 - Level 2.4 Stealth
 + Level 12.2 Spellcasting
 - Level 6.0 Conjurations
 - Level 7.0 Hexes
 - Level 6.0 Summonings
 * Level 10.7 Air Magic
 + Level 8.3 Invocations


You had 20 spell levels left.
You knew the following spells:

 Your Spells              Type           Power      Damage    Failure   Level
a - Shock                 Conj/Air       100%       1d9       1%          1
b - Static Discharge      Conj/Air       56%        3-10/arc  1%          2
c - Airstrike             Air            32%        2d(5-21)  1%          4
d - Summon Mana Viper     Hex/Summ       49%        N/A       12%         5
k - Swiftness             Air            64%        N/A       1%          3

Your spell library contained the following spells:

 Spells                   Type           Power      Damage    Failure   Level
 Call Canine Familiar     Summ           47%        N/A       1%          3
 Portal Projectile        Hex/Tloc       68%        N/A       4%          3
 Sandblast                Erth           30%        2d9       6%          1
 Corpse Rot               Necr/Pois/Air  34%        N/A       14%         4
 Leda's Liquefaction      Hex/Erth       17%        N/A       14%         4
 Summon Ice Beast         Ice/Summ       31%        N/A       19%         4
 Dispel Undead            Necr           15%        3d10      52%         4
 Monstrous Menagerie      Summ           23%        N/A       99%         7
 Death Channel            Necr           7%         N/A       100%        6


Dungeon Overview and Level Annotations

Branches:
Dungeon (12/15) Zot: 26878  Temple (0/1) D:6            Lair (0/5) D:11
    Orc (0/2) D:10        Ossuary (visited)          Bailey (visited)

Altars:
Nemelex Xobeh
Sif Muna
Trog
Vehumet
Wu Jian

Annotations:
D:4 1 exclusion


Message History

The large slime creature is struck by an arc of lightning!
You resist.
You are struck by an arc of lightning.
The lightning grounds out.
The large slime creature misses you. The slime creature barely misses you.
The slime creature is struck by an arc of lightning!
You resist.
You are struck by an arc of lightning.
The large slime creature is struck by an arc of lightning!
The lightning grounds out.
The large slime creature is struck by an arc of lightning.
You resist.
You are struck by an arc of lightning.
The slime creature is struck by an arc of lightning!
You resist.
You are struck by an arc of lightning.
The lightning grounds out.
The slime creature closely misses you. The large slime creature hits you!!
* * * LOW HITPOINT WARNING * * *
You hear a bellow!
You feel much better.
The large slime creature barely misses you.
The slime creature hits you!
An acid dragon comes into view.
The slime creature is struck by an arc of lightning!
You resist.
You are struck by an arc of lightning.
The large slime creature is struck by an arc of lightning!
The yak is struck by an arc of lightning!
The lightning grounds out.
The large slime creature is struck by an arc of lightning!
The yak is struck by an arc of lightning! x3
You kill the yak!
Sif Muna accepts your kill.
The slime creature flies into a frenzy!
The lightning grounds out.
The acid dragon roars!
The slime creature barely misses you.
A yak comes into view.
The large slime creature closely misses you.
The acid dragon spits acid at you. The splash of acid hits you! You resist.
* * * LOW HITPOINT WARNING * * *
The acid corrodes you! The slime creature hits you.
* * * LOW HITPOINT WARNING * * *
The large slime creature hits you!!
You die... #. #D #. #. #. #. ######.###### #......@JYY?# ..####J####.# #. #. #. #. ##

You could see a large slime creature, 2 yaks, an acid dragon (catching breath) and a neutral slime creature (fast, strong, insane).

Vanquished Creatures
  Snorg (D:10)
  Erolcha (D:10)
  A boulder beetle (D:11)
  4 two-headed ogres
  Nergalle (D:10)
  Pikel (D:4)
  A deep elf pyromancer (D:12)
  2 cyclopes (D:11)
  Joseph (D:7)
  Maurice (D:10)
  A gargoyle (D:11)
  Maggie (D:6)
  2 kobold demonologists (D:10)
  3 trolls
  A hornet (D:8)
  A shadow (D:11)
  2 wyverns
  2 steam dragons
  12 yaks
  An acid dragon (D:10)
  Duvessa (D:4)
  16 orc warriors
  2 ice beasts
  2 ogres
  4 centaurs
  2 lemures (D:4)
  A phantom (D:5)
  7 kobold brigands
  3 bullfrogs
  2 gnoll sergeants
  14 scorpions
  Dowan (D:4)
  3 howler monkeys (D:7)
  2 centaur zombies (Ossuary)
  3 human zombies (Ossuary)
  A jelly (D:4)
  3 hounds
  3 orc priests
  Jessica (D:3)
  11 orc wizards
  2 scorpion zombies (Ossuary)
  3 mummies (Ossuary)
  17 gnolls
  5 adders
  A shadow imp (D:8)
  A white imp (D:4)
  2 worms
  4 dart slugs
  46 orcs
  11 ball pythons
  9 endoplasms
  5 giant cockroaches
  A gnoll zombie (Ossuary)
  16 goblins
  13 hobgoblins
  32 kobolds
  4 quokkas
  7 bats
  6 frilled lizards
  4 goblin zombies (Ossuary)
  3 hobgoblin zombies (Ossuary)
  2 kobold zombies (Ossuary)
  2 orc zombies (Ossuary)
  4 rats
322 creatures vanquished.

Vanquished Creatures (others)
  A yak (D:11)
  5 fungi (D:11)
  12 plants
18 creatures vanquished.

Grand Total: 340 creatures vanquished

Notes
Turn   | Place    | Note
-------+----------+-------------------------------------------
     0 | D:1      | Goreval the Deep Elf Air Elementalist began the quest for
                  | the Orb.
     0 | D:1      | Reached XP level 1. HP: 10/10 MP: 6/6
   233 | D:1      | Reached XP level 2. HP: 15/15 MP: 6/8
   236 | D:1      | Learned a level 2 spell: Static Discharge
  1212 | D:1      | Reached XP level 3. HP: 19/19 MP: 7/9
  1216 | D:1      | Learned a level 3 spell: Swiftness
  1861 | D:2      | Reached XP level 4. HP: 24/24 MP: 2/11
  1866 | D:2      | Learned a level 4 spell: Airstrike
  2367 | D:2      | Identified the +4 hand axe "Fawysmuit" {freeze, rPois rF+
                  | rCorr}
  2575 | D:2      | Identified the +1 helmet "Dayd" {rElec Dex+2}
  2602 | D:2      | Reached skill level 4 in Spellcasting
  2801 | D:2      | Found a faded altar of an unknown god.
  3700 | D:3      | Reached XP level 5. HP: 28/28 MP: 6/13
  3868 | D:3      | Noticed Jessica
  3875 | D:3      | Killed Jessica
  4394 | D:3      | Found a shimmering blue altar of Sif Muna.
  4403 | D:3      | Became a worshipper of Sif Muna the Loreminder
  4692 | D:4      | Noticed an ice beast
  4765 | D:4      | Reached XP level 6. HP: 32/32 MP: 10/14
  4832 | D:4      | Reached skill level 5 in Air Magic
  4849 | D:4      | Killed an ice beast
  4914 | D:4      | Reached skill level 5 in Spellcasting
  4916 | D:4      | Noticed Pikel
  4937 | D:4      | Killed Pikel
  4938 | D:4      | Reached skill level 5 in Dodging
  4938 | D:4      | Reached XP level 7. HP: 3/36 MP: 10/17
  5057 | D:4      | Found a sand-covered staircase.
  5066 | Ossuary  | Entered an ossuary
  5261 | Ossuary  | Reached skill level 6 in Spellcasting
  5374 | Ossuary  | Reached XP level 8. HP: 30/41 MP: 10/19
  5465 | Ossuary  | Reached * piety under Sif Muna
  5792 | Ossuary  | Reached skill level 5 in Conjurations
  6119 | Ossuary  | Reached skill level 7 in Spellcasting
  6774 | D:4      | Noticed Duvessa
  6775 | D:4      | Reached ** piety under Sif Muna
  6775 | D:4      | Noticed Dowan
  6777 | D:4      | Killed Duvessa
  6779 | D:4      | Killed Dowan
  6780 | D:4      | Reached XP level 9. HP: 44/45 MP: 13/22
  7072 | D:3      | Got Sif Muna's Cyclopedia of Excavation
  7095 | D:5      | Entered Level 5 of the Dungeon
  7167 | D:5      | Identified the +4 leather armour of Yxtawef {MP-9 Dex+4
                  | SInv}
  7724 | D:5      | Reached skill level 1 in Invocations
  8384 | D:6      | Noticed Maggie
  9029 | D:6      | Found a radiant altar of Vehumet.
  9051 | D:6      | Found a staircase to the Ecumenical Temple.
  9209 | D:6      | Reached skill level 8 in Spellcasting
  9255 | D:6      | Found an ornate altar of the Wu Jian Council.
  9371 | D:6      | Killed Maggie
  9516 | D:6      | Learned a level 5 spell: Summon Mana Viper
  9629 | D:7      | Reached skill level 1 in Fighting
  9823 | D:7      | Noticed Joseph
 10397 | D:7      | Killed Joseph
 10398 | D:7      | Reached skill level 9 in Spellcasting
 11110 | D:8      | Found a bloodstained altar of Trog.
 11124 | D:8      | Found a sparkling altar of Nemelex Xobeh.
 11138 | D:8      | Reached skill level 5 in Invocations
 11138 | D:8      | Reached XP level 10. HP: 52/53 MP: 13/25
 11450 | D:8      | Reached skill level 1 in Hexes
 11450 | D:8      | Reached skill level 1 in Summonings
 12379 | D:9      | Reached *** piety under Sif Muna
 12834 | D:9      | Reached skill level 10 in Spellcasting
 13046 | D:9      | Found Qiuhiedi's Magic Scroll Shoppe.
 13051 | D:9      | Bought a scroll of summoning for 114 gold pieces
 13051 | D:9      | Bought a scroll of blinking for 90 gold pieces
 13051 | D:9      | Bought a scroll of blinking for 90 gold pieces
 13051 | D:9      | Bought a scroll of identify for 24 gold pieces
 13051 | D:9      | Bought a scroll of identify for 24 gold pieces
 13051 | D:9      | Bought a scroll of identify for 24 gold pieces
 13051 | D:9      | Bought a scroll of teleportation for 36 gold pieces
 13203 | D:10     | Entered Level 10 of the Dungeon
 13206 | D:10     | Found a staircase to the Orcish Mines.
 13208 | D:10     | Noticed a two-headed ogre
 13209 | D:10     | Noticed Nergalle
 13218 | D:10     | Killed a two-headed ogre
 13219 | D:10     | Reached skill level 5 in Hexes
 13439 | D:10     | Noticed Maurice
 13821 | D:10     | Found a flagged portal.
 13833 | Bailey   | Entered a bailey
 14414 | Bailey   | Reached **** piety under Sif Muna
 14559 | Bailey   | Reached skill level 5 in Summonings
 14667 | Bailey   | Reached XP level 11. HP: 52/60 MP: 17/27
 14807 | Bailey   | Noticed an orc warlord
 14901 | D:10     | Killed Maurice
 15001 | D:10     | Killed Nergalle
 16011 | D:10     | Reached skill level 11 in Spellcasting
 16054 | D:10     | Noticed Erolcha
 16204 | D:10     | Killed Erolcha
 16321 | D:10     | Noticed a two-headed ogre
 16325 | D:10     | Killed a two-headed ogre
 16431 | D:10     | Noticed Snorg
 16437 | D:10     | Killed Snorg
 16642 | D:11     | Noticed a two-headed ogre
 16646 | D:11     | Killed a two-headed ogre
 16704 | D:11     | Reached skill level 10 in Air Magic
 16925 | D:11     | Noticed a boulder beetle
 16937 | D:11     | Killed a boulder beetle
 17354 | D:11     | Noticed a two-headed ogre
 17384 | D:11     | Killed a two-headed ogre
 17460 | D:11     | Reached skill level 12 in Spellcasting
 17460 | D:11     | Reached XP level 12. HP: 64/64 MP: 20/30
 17533 | D:11     | Found a staircase to the Lair.
 18015 | D:12     | Noticed a seven-headed hydra
 18055 | D:12     | Demolished by a large slime creature

Illustrated notes

Levels and vault maps discovered:
D:1:      nicolae_arrival_memento_mori, layout_basic, minmay_heptomino_l4
D:2:      layout_basic, serial_rivers, chequers_serial_rivers_large_b,
          chequers_serial_rivers_large_a, chequers_serial_rivers_micro_e,
          chequers_serial_rivers_micro_e, chequers_serial_rivers_micro_a,
          chequers_serial_rivers_micro_c, nicolae_ecumenical_oubliette,
          serial_bayou_pond_b, minmay_circle_x
D:3:      layout_loops_ring, led_sif_book, uniq_jessica
D:4:      layout_loops_cross, enter_ossuary_3, nicolae_kite_square_tiling_tiny,
          uniq_duvessa, uniq_pikel
D:5:      cheibrodos_helix_gallery, layout_basic
D:6:      layout_basic, mainiacjoe_overflow_catwalk_spiral,
          minmay_temple_entry_sparse_star, st_stairs_3, uniq_maggie
D:7:      layout_loops_ring, uniq_joseph
D:8:      layout_basic, lemuel_doored_altar, mainiacjoe_overflow_boulevard
D:9:      layout_roguey, serial_shops, kennysheep_mini_moat
D:10:     layout_gridville, orc_0_dummy, enter_bailey_6, uniq_erolcha,
          uniq_maurice, uniq_snorg, uniq_nergalle
D:11:     layout_roguey, grunt_lair_entry_orc_guard_hut
D:12:     layout_loops_ring

Skill      XL: |  1  2  3  4  5  6  7  8  9 10 11 12 |
---------------+-------------------------------------+-----
Conjurations   | 2 3 4 5 6 |  6.0
Dodging        | 3 5 6 7 8 9 |  9.1
Air Magic      | 4 6 8 9 10 | 10.7
Spellcasting   | 4 5 6 7 9 10 12 | 12.2
Invocations    | 5 6 8 |  8.3
Fighting       | 2 3 |  3.0
Hexes          | 6 7 |  7.0
Summonings     | 5 6 |  6.0
Stealth        | |  2.4

Action                   |  1- 3 |  4- 6 |  7- 9 | 10-12 || total
-------------------------+-------+-------+-------+-------++-------
Melee: Unarmed           |    16 |     3 |       |       ||    19
       Hand axe          |       |     9 |    14 |    12 ||    35
 Cast: Shock             |    71 |    94 |   187 |   142 ||   494
       Static Discharge  |     8 |    20 |    43 |   104 ||   175
       Airstrike         |       |       |    17 |    93 ||   110
       Swiftness         |       |       |     1 |       ||     1
Invok: Channel Magic     |       |       |       |     1 ||     1
  Use: Potion            |       |     1 |       |     2 ||     3
       Scroll            |       |       |    12 |    10 ||    22
Armor: Robe              |     5 |     7 |     9 |     5 ||    26
       Troll leather arm |       |       |       |     6 ||     6
Dodge: Dodged            |    22 |    19 |    47 |    75 ||   163
